 Dungeon Crawl Stone Soup version 0.21.1-1-g345015fe64 (webtiles) character file.

221 Kohma the Bolt Thrower (level 6, -9/38 HPs)
             Began as a Kobold Hunter on June 10, 2018.
             Mangled by an orc warrior
             ... wielding a +0 hand axe
              (20 damage)
             ... on level 3 of the Dungeon.
             The game lasted 00:11:31 (2819 turns).

Kohma the Bolt Thrower (Kobold Hunter)              Turns: 2819, Time: 00:11:32

Health: -9/38      AC:  3    Str:  9    XL:     6   Next: 19%
Magic:  6/6        EV: 16    Int: 12    God:
Gold:   184        SH:  0    Dex: 18    Spells: 5/5 levels left

rFire    . . .     SeeInvis .   b - +0 hand axe (chop)
rCold    . . .     Gourm    .   (shield restricted)
rNeg     . . .     Faith    .   c - +0 leather armour
rPois    .         Spirit   .   (no helmet)
rElec    .         Reflect  .   (no cloak)
rCorr    .         Harm     .   (no gloves)
MR       .....                  (no boots)
Stlth    ++........             (no amulet)
HPRegen  0.12/turn              (no ring)
MPRegen  0.10/turn              (no ring)

@: no status effects
A: small, carnivore
a: no special abilities


You were on level 3 of the Dungeon.
You were completely stuffed.

You visited 1 branch of the dungeon, and saw 4 of its levels.

You collected 184 gold pieces.

Inventory:

Hand Weapons
 a - a +1 hand crossbow
 b - a +0 hand axe of chopping (weapon)
 i - a +0 club
 t - a +0 short sword
 u - a +0 dagger
Armour
 c - a +0 leather armour (worn)
 n - a +0 robe
Jewellery
 g - an uncursed amulet of magic regeneration {unknown}
 s - an uncursed ring of positive energy {unknown}
 w - an uncursed ring of see invisible {unknown}
Wands
 r - a wand of flame (28)
Scrolls
 e - 3 scrolls of random uselessness {unknown}
 k - 3 scrolls of teleportation {unknown}
 l - a scroll of amnesia {unknown}
 o - 2 scrolls of identify {unknown}
 q - a scroll of noise {unknown}
Potions
 h - a potion of magic {unknown}
 j - a potion of heal wounds {unknown}
 m - a potion of ambrosia {unknown}
 p - a potion of berserk rage {unknown}
 x - a potion of curing {unknown}
Comestibles
 f - 3 rations
 v - 4 chunks of flesh


   Skills:
 + Level 3.7 Fighting
 * Level 6.8 Crossbows
 + Level 4.1 Dodging
 - Level 1.3 Stealth


You had 5 spell levels left.
You didn't know any spells.

Dungeon Overview and Level Annotations

Branches:
Dungeon (4/15)
 Temple: D:4-7

Altars:


Innate Abilities, Weirdness & Mutations

You are small and have problems with some larger weapons.
You are carnivorous and can eat meat at any time.


Message History

The puff of flame hits you! The orc wizard casts a spell at you.
The magic dart hits you!
The orc warrior shouts!
You hear a shout!
The orc wizard completely misses you. The orc wizard misses you.
Really attack while wielding your +1 hand crossbow? [Y]es or [N]o only, please.
Really attack while wielding your +1 hand crossbow? [Y]es or [N]o only, please.
Really attack while wielding your +1 hand crossbow?
Okay, then.
b - a +0 hand axe of chopping (weapon)
You barely miss the orc wizard. The orc wizard misses you.
You barely miss the orc wizard. The orc wizard completely misses you.
The orc wizard points at you and mumbles some strange words.
The magic dart hits you!
* * * LOW HITPOINT WARNING * * *
The orc warrior hits you with a hand axe!!
Ouch! That really hurt!
You die...

##.# #..รท.# #........#
#..# ##.##.# #........#
##.####..##)######........#
........###.##............#
##.###### #....#..#.......#
#.# #....###.##.......#
##.#####..#.## #.##......>#
...[.....##.# #.##########
##.########.####@# #..###
#.#.ooo# #....## #.#.####
......## #.#.# .......# #.#
....(..# #...# .......#
#.o## ......## #.. ##...##
...


You could see an orc warrior, an orc wizard and an orc.

Vanquished Creatures
  An ogre (D:3)
  An orc priest (D:3)
  5 adders
  A leopard gecko (D:2)
  8 orcs (D:3)
  A giant cockroach (D:1)
  9 hobgoblins
  3 jackals (D:2)
  7 kobolds
  7 bats
  2 frilled lizards
  A goblin (D:1)
  8 rats
54 creatures vanquished.

Notes
Turn   | Place    | Note
-------+----------+-------------------------------------------
     0 | D:1      | Kohma the Kobold Hunter began the quest for the Orb.
     0 | D:1      | Reached XP level 1. HP: 12/12 MP: 1/1
    66 | D:1      | Reached skill level 5 in Crossbows
   216 | D:1      | Reached XP level 2. HP: 18/18 MP: 2/2
   899 | D:1      | Reached XP level 3. HP: 22/22 MP: 3/3
  1303 | D:2      | Reached XP level 4. HP: 23/27 MP: 4/4
  1562 | D:3      | Noticed an ogre
  2067 | D:3      | Reached skill level 6 in Crossbows
  2366 | D:3      | Killed an ogre
  2366 | D:3      | Reached XP level 5. HP: 24/32 MP: 5/5
  2655 | D:3      | Reached XP level 6. HP: 37/37 MP: 6/6
  2805 | D:3      | Noticed an orc warrior
  2819 | D:3      | Mangled by an orc warrior

Skill      XL: |  1  2  3  4  5  6 |
---------------+-------------------+-----
Crossbows      | 5 6 |  6.8
Dodging        | 3 4 |  4.1
Fighting       | 3 |  3.7
Stealth        | |  1.3

Action                   |  1- 3 |  4- 6 || total
-------------------------+-------+-------++-------
Melee: Short sword       |       |    25 ||    25
       Hand axe          |       |    20 ||    20
 Fire: Hand crossbow     |    66 |    63 ||   129
  Eat: Chunk             |     5 |     9 ||    14
Armor: Leather armour    |     7 |    10 ||    17
Dodge: Dodged            |    39 |    76 ||   115
